 Dungeon Crawl Stone Soup version 0.20-a0-2-g2b0e13a (webtiles) character file.

392 Kaname the Conjurer (level 6, 41/41 HPs)
             Began as a Demonspawn Venom Mage on Oct 29, 2016.
             Got out of the dungeon alive.
             The game lasted 00:06:03 (3289 turns).

Kaname the Conjurer (Demonspawn Venom Mage)         Turns: 3289, Time: 00:06:04

Health: 41/41      AC:  6    Str:  8    XL:     6   Next: 50%
Magic:  18/18      EV: 12    Int: 19    God:
Gold:   123        SH:  0    Dex: 15    Spells: 2 memorised, 5 levels left

rFire  . . .     SeeInvis .     s - +0 falchion (drain)
rCold  . . .     Gourm    .     u - +3 leather armour
rNeg   . . .     Faith    .     (no shield)
rPois  .         Spirit   .     (no helmet)
rElec  .         Reflect  .     (no cloak)
rCorr  .         Harm     .     (no gloves)
MR     .....                    (no boots)
Stlth  ++........               (no amulet)
                                (no ring)
                                v - ring of magical power

@: no status effects
A: claws 1, thin skeletal structure 1, spiny 1
a: no special abilities


You escaped.
You were very hungry.

You visited 1 branch of the dungeon, and saw 3 of its levels.

You collected 123 gold pieces.

Inventory:

Hand Weapons
 s - a +0 falchion of draining (weapon)
Armour
 u - a +3 leather armour (worn)
Jewellery
 v - a ring of magical power (left claw)
Scrolls
 a - a scroll of immolation {unknown}
 e - 2 scrolls of remove curse
 g - a scroll of recharging {unknown}
 j - 3 scrolls of identify {unknown}
 k - 2 scrolls of amnesia {unknown}
 l - a scroll of random uselessness {unknown}
 m - a scroll of enchant weapon {unknown}
 p - 2 scrolls of teleportation {unknown}
Potions
 h - 2 potions of ambrosia {unknown}
 n - 4 potions of flight {unknown}
 o - 4 potions of curing {unknown}
 q - 2 potions of heal wounds
 r - a potion of agility
Books
 b - a Young Poisoner's Handbook

   Spells                             Type                      Level
   a - Sting                          Conjuration/Poison           1
   b - Mephitic Cloud                 Conjuration/Poison/Air       3
   c - Olgreb's Toxic Radiance        Poison                       4
   d - Alistair's Intoxication        Transmutation/Poison         5
   e - Venom Bolt                     Conjuration/Poison           5
Comestibles
 c - 2 bread rations
 f - a slice of pizza
 i - 4 meat rations


   Skills:
 - Level 1.7 Dodging
 - Level 1.7 Stealth
 - Level 2.0 Spellcasting
 - Level 6.2 Conjurations
 + Level 4.6 Poison Magic


You had 5 spell levels left.
You knew the following spells:

 Your Spells              Type           Power        Failure   Level  Hunger
a - Sting                 Conj/Pois      ###.         3%          1    #......
b - Mephitic Cloud        Conj/Pois/Air  ###.....     17%         3    ###....


Dungeon Overview and Level Annotations

Branches:
Dungeon (3/15)

Altars:
Cheibriados
Vehumet


Innate Abilities, Weirdness & Mutations

You have sharp fingernails.
You have a somewhat thin skeletal structure. (Dex +2, Stealth)
You are partially covered in sharp spines.


Message History

The adder is struck by your spines. The adder bites you but does no damage.
The adder is struck by your spines.
You kill the adder!
Unknown command.
(D) Dungeon
Where to? (Enter - D:2 @ (x,y), ? - help)
What level of the Dungeon? (default 1, ? - help)
You see here an adder corpse.
There is a stone staircase leading up, spattered with blood here.
You see here a tomahawk.
You climb upwards.
HP restored.
There is a stone staircase leading down here.
There is a stone staircase leading up here.
You climb upwards.
There is a stone staircase leading down here.
There is an open door here.
There is an open door here.
There is a staircase leading out of the dungeon here.
Are you sure you want to leave the Dungeon?
This will make you lose the game!
You have escaped!

###.....####.#.....#..###....####
###.....#....#.######...#........
.......##.##.#......###(##...####
####..'#..##.######.#...##'..# #
#..#..###.# #....#.###.#..# #
#.#######.###.####.#...##.# #
#.######...##'####.#.####.#### ##
#.##.....#.'...'...#.####....#
.###.'..#.#####.@.#####.#..+.##.#
#.##.####.#...'...'.#.....##.##.#
##.#.####.#.####'##...######.##.#
##..##...#.####.###########.##.#
##.#..#.###.#........###..#..##.#
#.##..'##...#.######.##..#'..##.#
.###...##.###......#.##.##...##..
..##....#...######(#....#........
..##.[..###..#.....######....####


There were no monsters in sight!

Vanquished Creatures
  Sigmund (D:3)
  2 orc priests (D:3)
  Terence (D:3)
  Natasha (D:3)
  4 adders
  A worm (D:3)
  3 leopard geckos
  8 orcs (D:3)
  2 giant cockroaches (D:3)
  13 goblins
  9 hobgoblins
  13 jackals
  6 kobolds
  2 quokkas (D:2)
  A ball python (D:3)
  9 bats
  5 frilled lizards
  7 rats
88 creatures vanquished.

Notes
Turn   | Place    | Note
-------+----------+-------------------------------------------
     0 | D:1      | Kaname the Demonspawn Venom Mage began the quest for the Orb.
     0 | D:1      | Reached XP level 1. HP: 13/13 MP: 3/3
    77 | D:1      | Reached skill level 1 in Conjurations
   120 | D:1      | Gained mutation: You are partially covered in sharp spines. [demonic ancestry]
   120 | D:1      | Reached XP level 2. HP: 17/19 MP: 1/5
   196 | D:1      | Reached skill level 2 in Conjurations
   990 | D:1      | Reached XP level 3. HP: 18/24 MP: 6/6
  1422 | D:2      | Reached skill level 3 in Conjurations
  1433 | D:2      | Learned a level 3 spell: Mephitic Cloud
  2178 | D:2      | Gained mutation: You have sharp fingernails. [demonic ancestry]
  2178 | D:2      | Reached XP level 4. HP: 30/30 MP: 7/7
  2454 | D:3      | Reached skill level 4 in Conjurations
  2463 | D:3      | Reached XP level 5. HP: 19/35 MP: 0/8
  2761 | D:3      | Noticed Sigmund
  2773 | D:3      | Killed Sigmund
  2773 | D:3      | Reached skill level 6 in Conjurations
  2773 | D:3      | Gained mutation: You have a somewhat thin skeletal structure. (Dex +2, Stealth) [demonic ancestry]
  2773 | D:3      | Reached XP level 6. HP: 28/41 MP: 8/9
  3037 | D:3      | Found a snail-covered altar of Cheibriados.
  3037 | D:3      | Found a radiant altar of Vehumet.
  3037 | D:3      | Noticed Natasha
  3049 | D:3      | Killed Natasha
  3063 | D:3      | Noticed Terence
  3072 | D:3      | Killed Terence
  3289 | D:$      | Got out of the dungeon alive.

Vault maps used:
D:1:      nicolae_arrival_somewhat_less_tricky_arrival
D:2:      grunt_ministairs_10
D:3:      chequers_temple_overflow_statue_of_worship, uniq_terence,
          uniq_natasha, uniq_sigmund

Skill      XL: |  1  2  3  4  5 |
---------------+----------------+-----
Conjurations   | 1 2 3 4 6 |  6.2
Dodging        | |  1.7
Stealth        | |  1.7
Spellcasting   | |  2.0
Poison Magic   | |  4.6

Action                   |  1- 3 |  4- 6 || total
-------------------------+-------+-------++-------
Melee: Unarmed           |    13 |       ||    13
       Dagger            |    89 |    32 ||   121
       Falchion          |       |    28 ||    28
 Cast: Sting             |    15 |    18 ||    33
       Mephitic Cloud    |       |     2 ||     2
  Use: Scroll            |       |     1 ||     1
 Stab: Distracted        |     1 |       ||     1
       Sleeping          |     7 |     5 ||    12
       Confused          |       |     1 ||     1
  Eat: Chunk             |     4 |     3 ||     7
Armor: Robe              |    15 |     1 ||    16
       Leather armour    |       |    18 ||    18
Dodge: Dodged            |    63 |    48 ||   111
       Rpst.: Falchion   |       |     9 ||     9
